 Dungeon Crawl Stone Soup version 0.19.3-4-gbf9329e (webtiles) character file.

15089 Peloso the Carver (level 11, -13/100 HPs)
             Began as a Minotaur Fighter on Jan 27, 2017.
             Was a High Priest of Okawaru.
             Mangled by a large slime creature (25 damage)
             ... on level 12 of the Dungeon.
             The game lasted 00:36:20 (10033 turns).

Peloso the Carver (Minotaur Fighter)               Turns: 10033, Time: 00:36:20

Health: -13/100    AC: 22    Str: 27    XL:     11   Next: 97%
Magic:  10/10      EV:  9    Int:  5    God:    Okawaru [*****.]
Gold:   756        SH: 14    Dex: 15    Spells: 0 memorised, 10 levels left

rFire  x . .     SeeInvis .     Y - +5 long sword
rCold  + . .     Gourm    .     O - +1 plate armour
rNeg   . . .     Faith    .     c - +0 shield
rPois  .         Spirit   .     (helmet restricted)
rElec  .         Reflect  .     Q - +0 cloak
rCorr  .         Harm     .     H - +2 pair of gloves {Dex+3}
MR     .....                    D - +0 pair of boots
Stlth  ..........               (no amulet)
                                w - +5 ring of strength
                                M - ring of ice

@: no status effects
A: retaliatory headbutt, horns 2
a: Heroism, Finesse, Renounce Religion


You were on level 12 of the Dungeon.
You worshipped Okawaru.
Okawaru was extremely pleased with you.
You were not hungry.

You visited 2 branches of the dungeon, and saw 13 of its levels.

You collected 756 gold pieces.

Inventory:

Hand Weapons
 q - a cursed -2 mace
 R - a +0 whip of flaming
 X - a +4 falchion
 Y - a +5 long sword (weapon)
Armour
 c - a +0 shield (worn)
 D - a +0 pair of boots (worn)
 H - a +2 pair of gloves of dexterity (worn)
 O - a +1 plate armour (worn)
 Q - a +0 cloak (worn)
Jewellery
 j - a +2 ring of intelligence
 w - a +5 ring of strength (right hand)
 M - a ring of ice (left hand)
Wands
 m - a wand of polymorph (14/24)
 v - a wand of flame (31/48)
 x - a wand of flame (16/48)
 y - a wand of slowing (7/48)
 A - a wand of slowing (26/48)
 I - a wand of digging (24/24)
 S - a wand of random effects (29/48)
 U - a wand of acid (8/15)
Scrolls
 a - 2 scrolls of enchant armour
 h - a scroll of identify
 i - 2 scrolls of blinking
 k - 6 scrolls of remove curse
 t - a scroll of teleportation
 C - 2 scrolls of fog
Potions
 b - 3 potions of resistance
 d - 2 potions of might
 e - 2 potions of flight
 l - 2 potions of haste
 n - a potion of cancellation
 p - 4 potions of heal wounds
 r - 3 potions of curing
 s - a potion of brilliance
 z - 3 potions of agility
 L - 2 potions of degeneration {unknown}
 V - 3 potions of lignification {unknown}
Books
 K - a book of Conjurations

   Spells                             Type                      Level
   a - Magic Dart                     Conjuration                  1
   b - Searing Ray                    Conjuration                  2
   c - Dazzling Spray                 Conjuration/Hexes            3
   d - Fulminant Prism                Conjuration/Hexes            4
   e - Iskenderun's Mystic Blast      Conjuration                  4
   f - Iskenderun's Battlesphere      Conjuration/Charms           5
 T - a book of Minor Magic

   Spells                             Type                      Level
   a - Magic Dart                     Conjuration                  1
   b - Blink                          Translocation                2
   c - Call Imp                       Summoning                    2
   d - Repel Missiles                 Charms/Air                   2
   e - Slow                           Hexes                        2
   f - Conjure Flame                  Conjuration/Fire             3
   g - Mephitic Cloud                 Conjuration/Poison/Air       3
Comestibles
 f - 9 bread rations
 g - 5 meat rations
 o - 6 fruits
 u - a slice of pizza
 B - 4 chunks of flesh
 N - a beef jerky
 P - 10 royal jellies


   Skills:
 + Level 10.2 Fighting
 + Level 13.3 Long Blades
 + Level 10.6 Armour
 + Level 3.0 Dodging
 + Level 1.3 Stealth
 + Level 12.6 Shields
 + Level 0.8 Invocations


You had 10 spell levels left.
You didn't know any spells.

Dungeon Overview and Level Annotations

Branches:
Dungeon (12/15)            Temple (1/1) D:6            Lair (0/6) D:8
    Orc (0/2) D:9

Altars:
Ashenzari
Cheibriados
Dithmenos
Elyvilon
Fedhas
Gozag
Hepliaklqana
Kikubaaqudgha
Makhleb
Nemelex Xobeh
Okawaru
Qazlal
Ru
Sif Muna
Trog
Uskayaw
Vehumet
Xom
Yredelemnul
Zin
The Shining One
Lugonu

Shops:
D:11 (   D:12 =

Annotations:
D:10 4 runed doors


Innate Abilities, Weirdness & Mutations

You reflexively headbutt those who attack you in melee.
You have a pair of horns on your head.


Message History

You slash the slime creature! You headbutt the slime creature!
The slime creature is heavily wounded.
You block the large slime creature's attack.
The slime creature hits you!
You slash the slime creature!
You headbutt the slime creature, but do no damage.
The slime creature is heavily wounded.
The large slime creature hits you!!
You hit the slime creature.
The slime creature is severely wounded.
You block the slime creature's attack. x2; The large slime creature hits you!
You slash the slime creature!
The slime creature is almost dead.
You block the slime creature's attack. The slime creature closely misses you.
You riposte.
You barely miss the slime creature. The large slime creature hits you!!
* * * LOW HITPOINT WARNING * * *
Two slime creatures merge to form a large slime creature.
The large slime creature hits you!!
You die...

#............#................#..
#............#................#..
#............#................#..
#............#................#..
#............#................#..
#............#................#..
#..###########.............####..
#.. #...JJ..............### #..
#..#.....@................ #..
#..#......................
#########.#####################..
).......#.......#.....#.......#..
#.))....#.......#.....#.......#..
#..()...#.......#..####.......#..
#.......#.......⌠.⌠#..........#..
#####...####.....∩.#..........#..
#...............⌠.⌠#..........#..


You could see 2 large slime creatures.

Vanquished Creatures
  The ghost of Dolanko the Severer, a journeyman MiFi of Hepliaklqana (D:11)
  4 hill giants
  2 unseen horrors
  Pikel (D:8)
  A manticore (D:11)
  2 ugly things
  Joseph (D:8)
  The ghost of Tagedieb the Cutter, a novice MiAs (D:6)
  Psyche (D:8)
  A komodo dragon (D:12)
  A queen bee (D:11)
  4 trolls
  A two-headed ogre (D:8)
  A hippogriff (D:12)
  A slime creature (D:12)
  Eustachio (D:5)
  A steam dragon (D:11)
  Edmund (D:6)
  Menkaure (D:5)
  A water moccasin (D:12)
  6 ice beasts
  A black bear (D:11)
  5 orc warriors
  5 sky beasts
  2 phantoms
  8 ogres
  6 centaurs
  A big kobold (D:8)
  8 bullfrogs
  3 scorpions
  A wyvern skeleton (D:12)
  16 killer bees
  12 wights
  3 howler monkeys (D:9)
  A crimson imp (D:7)
  A quasit (D:12)
  A bullfrog skeleton (D:5)
  A jelly (D:9)
  6 orc wizards
  Crazy Yiuf (D:7)
  5 orc priests
  2 hounds
  2 centaur skeletons
  4 iguanas
  Terence (D:3)
  13 worker ants
  Robin (D:3)
  8 gnolls
  10 adders
  A shadow imp (D:8)
  An ooze (D:4)
  A dart slug (D:1)
  7 leopard geckos
  40 orcs
  6 giant cockroaches
  2 gnoll zombies (D:9)
  13 goblins
  10 hobgoblins
  11 jackals
  10 kobolds
  6 quokkas
  5 ball pythons
  6 bats
  3 frilled lizards
  A quokka skeleton (D:7)
  5 rats
290 creatures vanquished.

Vanquished Creatures (others)
  A slave (D:8)
  A centaur (D:8)
  A worker ant (D:8)
  6 orcs (D:8)
  2 kobolds (D:8)
11 creatures vanquished.

Grand Total: 301 creatures vanquished

Notes
Turn   | Place    | Note
-------+----------+-------------------------------------------
     0 | D:1      | Peloso the Minotaur Fighter began the quest for the Orb.
     0 | D:1      | Reached XP level 1. HP: 19/19 MP: 0/0
   128 | D:1      | Reached XP level 2. HP: 27/27 MP: 1/1
   409 | D:1      | Reached XP level 3. HP: 34/34 MP: 2/2
   738 | D:2      | Found a blossoming altar of Fedhas.
   781 | D:2      | Found a stormy altar of Qazlal.
   783 | D:2      | Noticed an earth elemental
   785 | D:2      | Noticed a fire elemental
   788 | D:2      | Noticed an air elemental
   788 | D:2      | Noticed a water elemental
  1175 | D:3      | Found a shimmering altar of Xom.
  1256 | D:3      | Found a sacrificial altar of Ru.
  1333 | D:3      | Reached skill level 3 in Long Blades
  1342 | D:3      | Noticed a phantom
  1374 | D:3      | Killed a phantom
  1374 | D:3      | Reached XP level 4. HP: 37/41 MP: 3/3
  1374 | D:3      | Reached XP level 5. HP: 42/47 MP: 4/4
  1380 | D:3      | Noticed Terence
  1392 | D:3      | Killed Terence
  1392 | D:3      | Reached skill level 4 in Long Blades
  1468 | D:3      | Noticed Robin
  1487 | D:3      | Reached skill level 5 in Fighting
  1495 | D:3      | Killed Robin
  2126 | D:4      | Reached XP level 6. HP: 52/56 MP: 5/5
  2151 | D:4      | Reached skill level 1 in Dodging
  2151 | D:4      | Reached skill level 5 in Shields
  2192 | D:4      | Found a radiant altar of Vehumet.
  2200 | D:4      | Found a bloodstained altar of Trog.
  2290 | D:4      | Reached skill level 5 in Long Blades
  2407 | D:4      | Reached skill level 5 in Armour
  2561 | D:4      | Found a burning altar of Makhleb.
  2728 | D:5      | Entered Level 5 of the Dungeon
  2735 | D:5      | Reached XP level 7. HP: 61/61 MP: 6/6
  2741 | D:5      | Noticed Menkaure
  2898 | D:5      | Killed Menkaure
  2898 | D:5      | Reached skill level 6 in Long Blades
  3169 | D:5      | Noticed Eustachio
  3192 | D:5      | Killed Eustachio
  3243 | D:5      | Found a white marble altar of Elyvilon.
  3685 | D:6      | Noticed Edmund
  3696 | D:6      | Killed Edmund
  3696 | D:6      | Reached XP level 8. HP: 61/70 MP: 7/7
  3715 | D:6      | Reached skill level 7 in Long Blades
  3722 | D:6      | Found a staircase to the Ecumenical Temple.
  3754 | Temple   | Entered the Ecumenical Temple
  3903 | D:6      | Noticed Tagedieb's ghost (novice MiAs)
  3929 | D:6      | Killed Tagedieb's ghost
  3983 | D:6      | Found a bloodstained altar of Trog.
  4023 | D:6      | Reached skill level 8 in Long Blades
  4473 | D:7      | Reached XP level 9. HP: 78/78 MP: 8/8
  4538 | D:7      | Found an opulent altar of Gozag.
  4585 | D:7      | Reached skill level 9 in Long Blades
  4589 | D:7      | Noticed a troll
  4604 | D:7      | Killed a troll
  4905 | D:7      | Found a runed door.
  4944 | D:7      | Noticed Crazy Yiuf
  4948 | D:7      | Killed Crazy Yiuf
  5055 | D:7      | Found a deep blue altar of Sif Muna.
  5055 | D:7      | Found a faded altar of an unknown god.
  5061 | D:7      | Found a faded altar of an unknown god.
  5063 | D:7      | Found a faded altar of an unknown god.
  5064 | D:7      | Found a faded altar of an unknown god.
  5142 | D:8      | Noticed Pikel
  5155 | D:8      | Killed Pikel
  5155 | D:8      | Reached skill level 10 in Long Blades
  5167 | D:8      | Reached skill level 1 in Stealth
  5265 | D:8      | Noticed a hill giant
  5277 | D:8      | Killed a hill giant
  5306 | D:8      | Reached XP level 10. HP: 43/86 MP: 9/9
  5409 | D:8      | Noticed Psyche
  5417 | D:8      | Killed Psyche
  5504 | D:8      | Found a staircase to the Lair.
  5563 | D:8      | Reached skill level 10 in Shields
  5571 | D:8      | Reached skill level 11 in Long Blades
  5765 | D:8      | Found a shattered altar of Ashenzari.
  5955 | D:8      | Noticed Joseph
  5974 | D:8      | Killed Joseph
  6368 | D:9      | Found an iron altar of Okawaru.
  6401 | D:9      | Became a worshipper of Warmaster Okawaru
  6542 | D:9      | Found a glowing silver altar of Zin.
  6665 | D:9      | Found a sparkling altar of Nemelex Xobeh.
  6795 | D:9      | Found a staircase to the Orcish Mines.
  6818 | D:9      | Reached * piety under Okawaru
  7037 | D:9      | Found a basalt altar of Yredelemnul.
  7124 | D:10     | Entered Level 10 of the Dungeon
  7174 | D:10     | Found a huge runed gate.
  7176 | D:10     | Noticed a death yak
  7326 | D:10     | Noticed a hill giant
  7335 | D:10     | Killed a hill giant
  7335 | D:10     | Reached ** piety under Okawaru
  7335 | D:10     | Reached skill level 12 in Long Blades
  7350 | D:10     | Reached XP level 11. HP: 72/97 MP: 10/10
  7536 | D:10     | Found a huge runed gate.
  7538 | D:10     | Noticed a death yak
  7538 | D:10     | Found a huge runed gate.
  7538 | D:10     | Found a huge runed gate.
  7616 | D:11     | Found Jemulin's Weapon Shop.
  7659 | D:11     | Noticed a purple ugly thing
  7676 | D:11     | Noticed Dolanko's ghost (journeyman MiFi)
  7680 | D:11     | Killed a purple ugly thing
  7680 | D:11     | Reached *** piety under Okawaru
  7734 | D:11     | HP: 1/97 [Dolanko's ghost (10)]
  8049 | D:11     | Noticed a hill giant
  8064 | D:11     | Killed a hill giant
  8120 | D:11     | Killed an unseen horror
  8120 | D:11     | Reached **** piety under Okawaru
  8464 | D:11     | Killed Dolanko's ghost
  8464 | D:11     | Reached skill level 10 in Armour
  9060 | D:12     | Reached skill level 13 in Long Blades
  9483 | D:12     | Killed an unseen horror
  9483 | D:12     | Reached skill level 10 in Fighting
  9529 | D:12     | Noticed a hill giant
  9537 | D:12     | Killed a hill giant
  9537 | D:12     | Reached ***** piety under Okawaru
  9537 | D:12     | Received a gift from Okawaru
  9811 | D:12     | Found Moxte's Jewellery Shoppe.
  9826 | D:12     | Noticed a white ugly thing
  9839 | D:12     | Killed a white ugly thing
 10033 | D:12     | Mangled by a large slime creature

Skill      XL: |  1  2  3  4  5  6  7  8  9 10 11 |
---------------+----------------------------------+-----
Fighting       | 4 5 6 7 9 10 | 10.2
Shields        | 4 5 6 8 9 11 12 | 12.6
Armour         | 4 5 6 7 9 10 | 10.6
Long Blades    | 3 4 5 6 8 10 12 13 | 13.3
Dodging        | 1 2 3 |  3.0
Stealth        | 1 |  1.3
Invocations    | |  0.8

Action                   |  1- 3 |  4- 6 |  7- 9 | 10-12 || total
-------------------------+-------+-------+-------+-------++-------
Melee: Long sword        |    88 |   134 |   265 |   501 ||   988
       Headbutt          |    22 |    24 |    79 |   140 ||   265
Invok: Heroism           |       |       |       |     4 ||     4
  Use: Scroll            |       |       |       |    27 ||    27
       Potion            |       |       |       |     1 ||     1
  Eat: Chunk             |     2 |     4 |     7 |    14 ||    27
       Fruit             |       |       |       |     2 ||     2
       Beef jerky        |       |       |       |     1 ||     1
Armor: Scale mail        |    42 |       |       |       ||    42
       Chain mail        |     7 |    79 |    88 |       ||   174
       Plate armour      |       |       |    49 |   277 ||   326
Dodge: Dodged            |    47 |    36 |    77 |   105 ||   265
Block: Shield            |    80 |   102 |   175 |   322 ||   679
       Rpst.: Long sword |    16 |     7 |    17 |    27 ||    67
